 Dungeon Crawl Stone Soup version 0.30-a0-585-g93115170b9 (webtiles) character file.

Game seed: 18205992857718257568

288 cforsyth the Trooper (level 6, -1/56 HPs)
             Began as a Ghoul Monk on Jan 1, 2023.
             Splashed by a jelly's acid (7 damage)
             ... on level 4 of the Dungeon on Jan 2, 2023.
             The game lasted 00:06:12 (3130 turns).

cforsyth the Trooper (Ghoul Monk)                   Turns: 3130, Time: 00:06:12

Health: -1/56      AC: -6    Str: 17    XL:     6   Next: 31%
Magic:  0/14       EV:  7    Int:  5    God:
Gold:   129        SH:  0    Dex: 11    Spells: 5/5 levels left

rFire   . . .      SeeInvis .      - Unarmed
rCold   + . .      Faith    .    (no shield)
rNeg    + + +      Spirit   +    p - +1 chain mail
rPois   ∞          Reflect  .    (no helmet)
rElec   .          Harm     .    (no cloak)
rCorr   .          Rampage  .    (no gloves)
Will    .....                    (no boots) Stlth
                                 f - amulet of guardian spirit
HPRegen 0.00/turn                s - ring of magical power
MPRegen 0.14/turn                (no ring)

@: weak-willed, corroded, inhibited regen
A: claws 1, cold resistance 1, negative energy resistance 3, inhibited
regeneration, torment resistance 2, devour on kill
a: no special abilities


You were on level 4 of the Dungeon.
You visited 1 branch of the dungeon, and saw 4 of its levels.

You collected 129 gold pieces.

Inventory:

Missiles
 m - a throwing net (quivered)
Armour
 p - a +1 chain mail (worn)
Jewellery
 f - an amulet of guardian spirit (around neck)
 s - a ring of magical power (left claw)
 v - an amulet of regeneration
Scrolls
 c - a scroll of noise
 h - a scroll of poison {unknown}
 j - 7 scrolls of identify {unknown}
 k - a scroll of enchant armour
 n - a scroll of torment {unknown}
 o - a scroll of brand weapon {unknown}
 r - a scroll of enchant weapon {unknown}
Potions
 b - a potion of ambrosia
 d - 4 potions of heal wounds {unknown}
 e - 3 potions of degeneration {unknown}
 g - 2 potions of cancellation {unknown}
 i - 2 potions of curing {unknown}
 q - a potion of flight {unknown}
 t - a potion of lignification {unknown}
 u - 2 potions of attraction {unknown}


   Skills:
 + Level 5.3 Fighting
 + Level 2.2 Armour
 - Level 2.6 Dodging
 - Level 2.1 Stealth
 + Level 5.3 Unarmed Combat


You had 5 spell levels left.
You didn't know any spells.
Your spell library contained the following spells:

 Spells                   Type           Power      Damage    Failure   Level
 Sandblast                Erth           0%         2d4       100%        1
 Passwall                 Tmut/Erth      0%         N/A       100%        2
 Stone Arrow              Conj/Erth      0%         3d7       100%        3
 Animate Armour           Summ/Erth      0%         N/A       100%        4
 Lehudib's Crystal Spear  Conj/Erth      0%         10d2      100%        8


Dungeon Overview and Level Annotations

Branches:
Dungeon (4/15)
 Temple: D:4-7

Altars:
Kikubaaqudgha
Okawaru
Yredelemnul

Annotations:
D:2 Sigmund
D:3 3 runed translucent doors, pigah's ghost, amateur OpWn


Innate Abilities, Weirdness & Mutations

You are immune to poison.
You have sharp fingernails.
Your flesh is cold resistant. (rC+)
You are immune to negative energy. (rN+++)
You do not regenerate when monsters are visible.
You are immune to unholy pain and torment.
You thrive by killing the living.


Message History

You barely miss the jelly.
The jelly is heavily wounded.
The jelly hits you. The acid corrodes you!
You are splashed with acid.
You scratch the jelly but do no damage.
Your claws burn!
The jelly is heavily wounded.
The jelly hits you.
You are splashed with acid!
You scratch the jelly. The acid corrodes you!
Your claws burn!
The jelly is heavily wounded.
The jelly hits you.
You are splashed with acid!
* * * LOW HITPOINT WARNING * * *
You scratch the jelly but do no damage.
Your claws burn!
* * * LOW HITPOINT WARNING * * *
The jelly is heavily wounded.
You scratch the jelly but do no damage.
Your claws burn!
* * * LOW HITPOINT WARNING * * *
The jelly is heavily wounded.
The jelly barely misses you.
Okay, then.
Okay, then.
Unknown command.
Okay, then.
As you read the scroll labelled JEUCOU CEWNYSTRUT, it crumbles to dust.
You hear a loud clanging noise!
It was a scroll of noise.
You hear a shout! x3
The jelly barely misses you.
As you read the scroll labelled SUEXTE HAEGUN, it crumbles to dust.
It is a scroll of enchant armour.
Your +0 chain mail glows green for a moment.
The jelly barely misses you.
Okay, then.
Unknown command.
Okay, then.
Unknown command.
As you read the scroll labelled IPODIO HODEATT, it crumbles to dust.
Magic quickly surges around you.
It was a scroll of vulnerability.
The jelly hits you.
* * * LOW HITPOINT WARNING * * *
The acid corrodes you!
You are splashed with acid!
You die...

..#..#....#....♣.'.........
.....#....'..P♣..#.).......
..#.......#.P....#.<.......
..#..#....#♣.....P.........
..#+##....♣..~~♣......#####
..# #......♣~~~♣.....# ..#
....~~~~♣~P....# .o#
....~♣~~.♣.....# .o.
...P♣~†♣.@.##### ....
....♣~♣♣J.♣+ ....o
....~...♣.# ......
.......P..# ###.P...+##
.....P.. .......[.
......#.. ##+#######


You could see a jelly (weak-willed).

Vanquished Creatures
  A phantom (D:4)
  An orc wizard (D:4)
  A hound zombie (D:3)
  6 gnolls (D:3)
  3 adders
  An adder zombie (D:3)
  A worm (D:2)
  5 dart slugs
  3 orcs (D:3)
  4 ball pythons
  6 endoplasms
  5 giant cockroaches
  7 goblins
  6 hobgoblins
  3 jackals (D:3)
  4 kobolds
  2 quokkas
  3 bats
  2 frilled lizards
  7 rats
71 creatures vanquished.

Vanquished Creatures (others)
  5 plants (D:4)
5 creatures vanquished.

Grand Total: 76 creatures vanquished

Notes
Turn   | Place    | Note
-------+----------+-------------------------------------------
     0 | D:1      | cforsyth the Ghoul Monk began the quest for the Orb.
     0 | D:1      | Reached XP level 1. HP: 19/19 MP: 0/0
   156 | D:1      | Reached XP level 2. HP: 26/26 MP: 1/1
   552 | D:1      | Reached XP level 3. HP: 33/33 MP: 2/2
  1094 | D:2      | Reached XP level 4. HP: 31/41 MP: 1/3
  1346 | D:2      | Noticed Sigmund
  1933 | D:3      | Found a runed translucent gate.
  1933 | D:3      | Found a runed translucent gate.
  1933 | D:3      | Found a runed translucent gate.
  1933 | D:3      | Noticed pigah's ghost (amateur OpWn)
  1935 | D:3      | Found a basalt altar of Yredelemnul.
  2020 | D:3      | Reached skill level 1 in Armour
  2025 | D:3      | Reached XP level 5. HP: 34/47 MP: 4/4
  2182 | D:3      | Found an ancient bone altar of Kikubaaqudgha.
  2296 | D:3      | Found an iron altar of Okawaru.
  2645 | D:3      | Reached skill level 5 in Fighting
  2794 | D:4      | Noticed a phantom
  2803 | D:4      | Killed a phantom
  2804 | D:4      | Reached skill level 5 in Unarmed Combat
  2804 | D:4      | Reached XP level 6. HP: 52/56 MP: 5/5
  3130 | D:4      | Splashed by a jelly's acid

Illustrated notes

Levels and vault maps discovered:
D:1:      eino_arrival_druids_welcome, layout_basic
D:2:      layout_basic, uniq_sigmund
D:3:      layout_loops_ring, okawaru_altar_gauntlet_db,
          nicolae_yredelemnul_ghost_church, kiku_gazebo_garden_becter
D:4:      layout_gridville, serial_bayou, serial_bayou_shore_a,
          serial_bayou_pond_a, serial_bayou_pond_b, serial_bayou_shore_b,
          uniq_blork_the_orc

Skill      XL: |  1  2  3  4  5 |
---------------+----------------+-----
Fighting       | 4 5 |  5.3
Unarmed Combat | 4 5 |  5.3
Armour         | 1 2 |  2.2
Dodging        | |  2.6
Stealth        | |  2.1

Action                   |  1- 3 |  4- 6 || total
-------------------------+-------+-------++-------
Melee: Unarmed           |   107 |   143 ||   250
       Punch             |       |    11 ||    11
  Use: Scroll            |       |     3 ||     3
 Stab: Sleeping          |     3 |       ||     3
Armor: Robe              |    11 |       ||    11
       Chain mail        |       |    75 ||    75
Dodge: Dodged            |    50 |    56 ||   106

Table legend: (Time is in decaauts)
 A = Elapsed time spent in this place.
 B = Non-inter-level travel time spent in this place.
 C = Inter-level travel time spent in this place.
 D = Time resting spent in this place.
 E = Time spent auto-exploring this place.
 F = Levels seen in this place.
 G = Mean time per level.
                   A        B        C        D        E       F      G
               +--------+--------+--------+--------+--------+-----+--------+
         Total |   3116 |   3013 |    103 |    308 |   2013 |   4 |  779.0 |
       Dungeon |   3116 |   3013 |    103 |    308 |   2013 |   4 |  779.0 |
               +--------+--------+--------+--------+--------+-----+--------+

Top non-repeatable levels by time:
     D:3: 1220 daAuts
     D:2: 872 daAuts
     D:1: 744 daAuts
     D:4: 278 daAuts
